 Dungeon Crawl Stone Soup version 0.31.0-9-g3a7656b989 (webtiles) character file.

Game seed: 13794462072686444644

111 H0rd4k the Trooper (level 4, -1/37 HPs)
             Began as a Human Artificer on Jan 24, 2024.
             Slain by a howler monkey zombie (5 damage)
             ... on level 3 of the Dungeon.
             The game lasted 00:02:52 (1858 turns).

H0rd4k the Trooper (Human Artificer)                Turns: 1858, Time: 00:02:53

Health: -1/37      AC:  4    Str: 15    XL:     4   Next: 92%
Magic:  4/4        EV: 11    Int: 13    God:
Gold:   87         SH:  0    Dex: 14    Spells: 3/3 levels left

rFire   . . .        a - +0 club
rCold   + . .        (no shield)
rNeg    . . .        m - +1 leather armour of Viderext {rC+ Str+3}
rPois   .            (no helmet)
rElec   .            (no cloak)
rCorr   .            (no gloves)
SInv    .            (no boots)
Will    .....        (no amulet)
Stlth   +            (no ring)
HPRegen 0.26/turn    (no ring)
MPRegen 0.09/turn

%: no passive effects
@: no status effects
A: explore regen
a: no special abilities


You were on level 3 of the Dungeon.
You visited 1 branch of the dungeon, and saw 3 of its levels.

You collected 87 gold pieces.

Inventory:

Hand Weapons
 a - a +0 club (weapon)
Armour
 j - a +2 leather armour of cold resistance
 m - the +1 leather armour of Viderext (worn) {rC+ Str+3}
   (You found it on level 2 of the Dungeon)

   Str+3:     It affects your strength (+3).
   rC+:       It protects you from cold.
Wands
 c - a wand of flame (12) (quivered)
 d - a wand of charming (14)
 e - a wand of iceblast (5)
Scrolls
 b - 2 scrolls of poison {unknown}
 f - 7 scrolls of identify {unknown}
 h - a scroll of immolation {unknown}
 i - a scroll of amnesia {unknown}
Potions
 g - a potion of curing {unknown}
 k - a potion of might {unknown}
 l - 3 potions of brilliance {unknown}


   Skills:
 + Level 4.1 Fighting
 - Level 1.6 Maces & Flails
 - Level 2.0 Armour
 - Level 1.0 Dodging
 - Level 1.0 Stealth
 - Level 3.0 Evocations


You had 3 spell levels left.
You didn't know any spells.
Your spell library contained the following spells:

 Spells                   Type           Power      Damage    Failure   Level
 Slow                     Hex            0%         N/A       36%         1
 Confusing Touch          Hex            0%         N/A       75%         3
 Sigil of Binding         Hex            0%         N/A       75%         3
 Vampiric Draining        Necr           0%         2d6       75%         3


Dungeon Overview and Level Annotations

Branches:
Dungeon (3/15)

Altars:
Hepliaklqana
Yredelemnul

Annotations:
D:3 3 runed translucent doors, Colgate's ghost, amateur BaMo


Innate Abilities, Weirdness & Mutations

You regain HP and MP as you explore.


Message History

The scorpion zombie hits you.
You hit the scorpion zombie but do no damage.
The scorpion zombie is almost destroyed.
The scorpion zombie hits you.
You completely miss the scorpion zombie.
The scorpion zombie is almost destroyed.
The scorpion zombie hits you.
You hit the scorpion zombie but do no damage.
The scorpion zombie is almost destroyed.
The scorpion zombie hits you but does no damage.
The scorpion zombie hits you.
You hit the scorpion zombie.
The scorpion zombie is almost destroyed.
The scorpion zombie hits you.
You hit the scorpion zombie but do no damage.
The scorpion zombie is almost destroyed.
The scorpion zombie closely misses you.
You hit the scorpion zombie but do no damage.
The scorpion zombie is almost destroyed.
The scorpion zombie closely misses you.
You hit the scorpion zombie.
The scorpion zombie is almost destroyed.
The scorpion zombie hits you but does no damage.
The scorpion zombie hits you.
* * * LOW HITPOINT WARNING * * *
You hit the scorpion zombie but do no damage.
The scorpion zombie is almost destroyed.
Colgate's ghost whispers, "There is no future for you."
The scorpion zombie hits you.
* * * LOW HITPOINT WARNING * * *
You hit the scorpion zombie but do no damage.
The scorpion zombie is almost destroyed.
The scorpion zombie hits you.
* * * LOW HITPOINT WARNING * * *
You hit the scorpion zombie.
You destroy the scorpion zombie!
Your Fighting skill increases to level 4!
You hit the howler monkey zombie but do no damage.
The howler monkey zombie hits you.
You die...

#.# #....# # #.#
###### #.### ###
##### #...# #.#
##...## ###.# #.#
#.._).# #.#
#.####...### #.#
#.##.......#
####.###.##Z#+++#.#
#........##@#W..#.#
#.##.##..'..#)$(#..+
#.
...##.############
#..#####.# ... #.#
## ... ##. . ##


You could see Colgate's ghost and a howler monkey zombie.

Vanquished Creatures
  A scorpion zombie (D:3)
  2 adders
  A dart slug (D:1)
  6 orcs (D:3)
  5 bats
  4 endoplasms
  A giant cockroach (D:1)
  6 goblins
  5 hobgoblins
  4 jackals (D:1)
  2 kobolds
  7 ball pythons
  A frilled lizard (D:2)
  9 rats
54 creatures vanquished.

Vanquished Creatures (collateral kills)
  2 orcs (D:3)
2 creatures vanquished.

Grand Total: 56 creatures vanquished

Notes
Turn   | Place    | Note
-------+----------+-------------------------------------------
     0 | D:1      | H0rd4k the Human Artificer began the quest for the Orb.
     0 | D:1      | Reached XP level 1. HP: 15/15 MP: 1/1
   177 | D:1      | Reached XP level 2. HP: 15/22 MP: 2/2
   244 | D:1      | Reached skill level 2 in Fighting
   350 | D:1      | Reached skill level 1 in Maces & Flails
   534 | D:1      | Reached XP level 3. HP: 14/27 MP: 3/3
  1187 | D:2      | Identified the +1 leather armour of Viderext {rC+ Str+3}
  1287 | D:2      | You fall into a shaft and drop 1 floor!
  1336 | D:3      | Reached skill level 3 in Fighting
  1520 | D:3      | Reached XP level 4. HP: 34/35 MP: 4/4
  1586 | D:3      | Found a hazy altar of Hepliaklqana.
  1819 | D:3      | Found a runed translucent gate.
  1819 | D:3      | Found a runed translucent gate.
  1819 | D:3      | Found a runed translucent gate.
  1819 | D:3      | Noticed Colgate's ghost (amateur BaMo)
  1821 | D:3      | Found a basalt altar of Yredelemnul.
  1858 | D:3      | Reached skill level 4 in Fighting
  1858 | D:3      | Slain by a howler monkey zombie

Illustrated notes

Levels and vault maps discovered:
D:1:      nicolae_arrival_washed_ashore, layout_basic
D:2:      layout_basic, nrook_campfire, minmay_crystal_water
D:3:      layout_loops_cross, nicolae_yredelemnul_ghost_church,
          nicolae_hepliaklqana_hazy_memory, lemuel_coloured_pillars_altar,
          st_stairs_1, uniq_robin, uniq_sigmund

Skill      XL: |  1  2  3  4 |
---------------+-------------+-----
Fighting       | 2 3 4 |  4.1
Maces & Flails | 1 |  1.6
Armour         | |  2.0
Dodging        | |  1.0
Stealth        | |  1.0
Evocations     | |  3.0

Action                     |  1- 3 |  4- 6 || total
---------------------------+-------+-------++-------
  Melee: Club              |   237 |    85 ||   322
         Punch             |     5 |     4 ||     9
  Evoke: Wand              |     1 |     3 ||     4
   Stab: Sleeping          |     2 |       ||     2
 Armour: Leather armour    |   151 |    72 ||   223
  Dodge: Dodged            |   160 |    44 ||   204
